 Dungeon Crawl Stone Soup version 0.17.0-28-g6e173f8 (webtiles) character file.

37 MDvedh the Conjurer (level 3, -3/26 HPs)
             Began as a Ghoul Conjurer on Nov 22, 2015.
             Slain by a gnoll
             ... wielding a +0 spear
              (7 damage)
             ... on level 1 of the Dungeon.
             The game lasted 00:02:57 (1588 turns).

MDvedh the Conjurer (Ghoul Conjurer)                Turns: 1588, Time: 00:02:57

Health: -3/26      AC:  2    Str: 11    XL:     3   Next: 39%
Magic:  1/4        EV: 12    Int: 11    God:
Gold:   10         SH:  0    Dex: 12    Spells: 2 memorised, 2 levels left

rFire  . . .     SeeInvis .     d - +0 short sword
rCold  + . .     Clarity  .     a - +0 robe
rNeg   + + +     SustAt   .     (no shield)
rPois  ∞         Gourm    .     (no helmet)
rElec  .         Spirit   .     (no cloak)
rCorr  .         Warding  .     (no gloves)
rMut   .         Stasis   .     (no boots)
MR     .....                    (no amulet)
Stlth  ++........               (no ring)
                                e - +3 ring of dexterity

@: rotting, not resistant to hostile enchantments, unstealthy
A: rotting body, claws 1, carnivore 3, cold resistance 1, negative energy
resistance 3, slow regeneration 1, torment resistance, unbreathing
a: no special abilities


You were on level 1 of the Dungeon.
You were not hungry.

You visited 1 branch of the dungeon, and saw 1 of its levels.

You collected 10 gold pieces.

Inventory:

Hand Weapons
 d - a +0 short sword (weapon)
Armour
 a - a +0 robe (worn)
Jewellery
 e - a +3 ring of dexterity (left claw)
Scrolls
 g - a scroll of identify {unknown}
Potions
 f - a potion of curing {unknown}
 h - a potion of haste {unknown}
Books
 b - a book of Conjurations

   Spells                             Type                      Level
   a - Magic Dart                     Conjuration                  1
   b - Searing Ray                    Conjuration                  2
   c - Dazzling Spray                 Conjuration/Hexes            3
   d - Fulminant Prism                Conjuration/Hexes            4
   e - Iskenderun's Mystic Blast      Conjuration                  4
   f - Iskenderun's Battlesphere      Conjuration/Charms           5
Comestibles
 c - a meat ration


   Skills:
 - Level 1.7 Dodging
 - Level 2.1 Stealth
 - Level 1.7 Spellcasting
 + Level 4.2 Conjurations


You had 2 spell levels left.
You knew the following spells:

 Your Spells              Type           Power        Failure   Level  Hunger
a - Magic Dart            Conj           ##..         6%          1    ##.....
b - Searing Ray           Conj           ##....       10%         2    ###....


Dungeon Overview and Level Annotations

Branches:
Dungeon (1/15)

Altars:


Innate Abilities, Weirdness & Mutations

Your body is rotting away.
You thrive on raw meat.
You are immune to poison.
You have sharp fingernails.
You are carnivorous and can eat meat at any time.
Your flesh is cold resistant.
You are immune to negative energy.
You regenerate slowly when monsters are visible.
You are immune to unholy pain and torment.
You can survive without breathing.


Message History

The gnoll is heavily wounded.
The gnoll hits you from afar with a spear.
The gnoll hits you with a spear.
You barely miss the gnoll.
The gnoll is heavily wounded.
The gnoll barely misses you.
You hit the gnoll but do no damage.
The gnoll is heavily wounded.
The gnoll barely misses you.
You hit the gnoll.
The gnoll is severely wounded.
The gnoll hits you with a spear!
You hit the gnoll.
The gnoll is severely wounded.
The gnoll hits you with a spear!
* * * LOW HITPOINT WARNING * * *
You hit the gnoll but do no damage.
The gnoll is severely wounded.
The gnoll hits you with a spear!
You die...

## ##############........#...##
.# #...........###.#####.#.#####
.###...........###.#####.......##
.'...............................
.###...........###..######.##..##
)# #.....).....#...........##..#
.# #...........#.##..########..#
## #...........#.###.# #.)...##
#...........#@# #.# #)##....
#........)..#g# #.# ###(######
#...........#.# #.#PPPP)#P♣♣#.
#############.# #.#♣PP÷.÷#P♣##
#.......###.###.....P#
#.........+.#♣......≈♣
#......####.#♣..§§...♣
#......'....#P.......♣
#......####.#♣#.....#♣##


You could see a gnoll.

Vanquished Creatures
  3 giant geckos (D:1)
  2 bats (D:1)
  3 giant cockroaches (D:1)
  2 goblins (D:1)
  3 hobgoblins (D:1)
  2 jackals (D:1)
  2 giant newts (D:1)
  11 kobolds (D:1)
  2 rats (D:1)
30 creatures vanquished.

Vanquished Creatures (others)
  4 plants (D:1)
4 creatures vanquished.

Grand Total: 34 creatures vanquished

Notes
Turn   | Place    | Note
--------------------------------------------------------------
     0 | D:1      | MDvedh the Ghoul Conjurer began the quest for the Orb.
     0 | D:1      | Reached XP level 1. HP: 14/14 MP: 2/2
   252 | D:1      | Reached XP level 2. HP: 17/20 MP: 3/3
   650 | D:1      | Learned a level 2 spell: Searing Ray
   778 | D:1      | Reached skill level 4 in Conjurations
   874 | D:1      | Reached XP level 3. HP: 5/25 MP: 1/4
  1588 | D:1      | Slain by a gnoll

Action                   || total
-------------------------++-------
Melee: Short sword       ||    91
       Unarmed           ||     4
       Dagger            ||    18
 Cast: Magic Dart        ||    29
       Searing Ray       ||     1
  Use: Scroll            ||     3
 Stab: Sleeping          ||     1
  Eat: Chunk             ||    20
